 Dungeon Crawl Stone Soup version 0.32-a0-42-ga30500b (webtiles) character file.

Game seed: 11984016687683889384

4473 Dorkslayer the Grappler (level 10, 0/103 HPs)
             Began as a Troll Berserker on Jan 27, 2024.
             Was a High Priest of Trog.
             Succumbed to a killer bee's poison
             ... on level 8 of the Dungeon.
             The game lasted 00:22:26 (6267 turns).

Dorkslayer the Grappler (Troll Berserker)           Turns: 6267, Time: 00:22:26

Health: 0/103      AC:  6    Str: 29    XL:     10   Next: 15%
Magic:  9/9        EV: 11    Int:  3    God:    Trog [*****.]
Gold:   400        SH:  0    Dex: 11    Spells: 9/9 levels left

rFire   . . .        A - +5 battleaxe (freeze)
rCold   . . .        (shield currently unavailable)
rNeg    . . .        g - +2 robe {Will+}
rPois   .            (helmet restricted)
rElec   .            (no cloak)
rCorr   +            (gloves unavailable)
SInv    .            (boots unavailable)
Will    ++...        f - amulet of the acrobat
Stlth   ++           m - ring of resist corrosion
HPRegen 1.17/turn    j - ring of willpower
MPRegen 0.11/turn

%: acrobat
@: lethally poisoned (0 -> -1)
A: large, unfitting armour, claws 3, regeneration 1, shaggy fur 1, tough skin 1,
hooves 1, robust 1
a: Renounce Religion, Berserk, Trog's Hand, Brothers in Arms


You were on level 8 of the Dungeon.
You worshipped Trog.
Trog was extremely pleased with you.
You visited 1 branch of the dungeon, and saw 8 of its levels.
You also visited: Ossuary.

You collected 400 gold pieces.

Inventory:

Hand Weapons
 c - a +4 battleaxe of freezing
 e - a +2 battleaxe
 h - a +2 war axe of freezing
 A - a +5 battleaxe of freezing (weapon)
Missiles
 p - 6 boomerangs (quivered)
 q - a throwing net
 B - 4 javelins
Armour
 g - a +2 robe of willpower (worn)
Jewellery
 f - an amulet of the acrobat (around neck)
 j - a ring of willpower (right claw)
 m - a ring of resist corrosion (left claw)
Talismans
 s - a flux talisman
 y - a serpent talisman
Scrolls
 a - a scroll of immolation
 b - 2 scrolls of fog
 d - 5 scrolls of teleportation
 k - a scroll of poison
Potions
 i - 2 potions of attraction
 n - 5 potions of mutation
 v - a potion of berserk rage
 w - a potion of magic


   Skills:
 + Level 4.6 Fighting
 + Level 5.9 Axes
 + Level 1.0 Throwing
 + Level 5.4 Dodging
 + Level 1.9 Stealth
 + Level 9.6 Unarmed Combat
 * Level 3.3 Shapeshifting


You had 9 spell levels left.
You didn't know any spells.
Your spell library was empty.

Dungeon Overview and Level Annotations

Branches:
Dungeon (8/15)             Temple (0/1) D:5         Ossuary (visited)
   Lair: D:8-11

Altars:
Makhleb
Trog
The Shining One

Shops:
D:8 (


Innate Abilities, Weirdness & Mutations

You are too large for most types of armour.
You have claws for hands.
Your natural rate of healing is unusually fast.
You are covered in fur. (AC +1)
You have tough skin. (AC +1)
You have large cloven feet.
You are robust. (+10% HP)


Message History

The bullfrog misses you.
Okay, then.
As you read the scroll of teleportation, it crumbles to dust.
You feel strangely unstable.
You feel very sick.
The killer bee stings you but does no damage.
The bullfrog barely misses you. The killer bee closely misses you.
The gnoll bouda barely misses you.
The bullfrog hits you but does no damage.
The killer bee stings you but does no damage.
The gnoll bouda hits you with a +0 vampiric whip.
* * * LOW HITPOINT WARNING * * *
Okay, then.
The killer bee buzzes angrily.
You slash the gnoll bouda! You freeze the gnoll bouda.
You kick the gnoll bouda, but do no damage.
The gnoll bouda is severely wounded.
You slice the killer bee!! You freeze the killer bee.
You kill the killer bee!
Trog accepts your kill.
You slash the bullfrog! You freeze the bullfrog.
You kill the bullfrog!
Trog accepts your kill.
You feel yourself speed up.
* * * LOW HITPOINT WARNING * * *
You feel very sick. The gnoll bouda misses you.
The gnoll bouda closely misses you.
The killer bee stings you but does no damage.
The killer bee misses you.
Unknown command.
The killer bee buzzes angrily.
You slash the killer bee! You freeze the killer bee!
You kill the killer bee!
Trog accepts your kill.
You barely miss the killer bee. You barely miss the gnoll bouda.
You slash the jelly! You freeze the jelly.
You kill the jelly!
Trog accepts your kill.
Your surroundings suddenly seem different.
You die...

#.....≈≈≈≈#≈≈≈≈
#.##.≈≈≈#≈≈≈≈#≈
#....≈#≈≈≈≈#≈≈≈
#.#..≈≈≈≈#≈≈≈≈.
########...≈≈≈#≈≈≈≈#≈.
#..........≈#≈≈≈≈#≈≈≈.
#.......÷..≈≈≈≈#≈≈≈≈..
#......)......≈≈≈≈#≈.#
#....@.......)...≈≈≈.#
#.........)####.......
#........).# #.##.#.#
#......)...# ##.##....
#....))....# #..###.#.
#.....)....###.###..#.
#...........#####.....
####..#####'#.#....###
#.## ###...####.###


There were no monsters in sight!

Vanquished Creatures
  Pikel (D:4)
  Jeremiah (D:7)
  A hornet (D:8)
  An orc warrior (D:8)
  2 black bears (D:7)
  3 sky beasts
  2 ice beasts
  An ogre (D:6)
  3 centaurs
  2 lemures (D:4)
  A kobold brigand (D:8)
  4 bullfrogs
  3 scorpions (D:6)
  10 wights
  5 killer bees
  2 howler monkeys
  3 bombardier beetles
  2 centaur zombies (Ossuary)
  4 hounds
  A human zombie (Ossuary)
  3 jellies
  4 orc priests
  A gnoll bouda (D:7)
  An iguana (D:6)
  Terence (D:2)
  6 orc wizards
  3 sleepcaps
  Natasha (thrice) (D:2)
  3 ogre zombies (Ossuary)
  8 mummies
  Robin (D:4)
  5 adders
  14 gnolls
  2 shadow imps
  A white imp (D:7)
  2 adder zombies (Ossuary)
  2 dart slugs
  A ribbon worm (D:2)
  35 orcs
  6 ball pythons
  3 bats
  10 endoplasms
  A giant cockroach (D:1)
  A gnoll zombie (Ossuary)
  17 goblins
  12 hobgoblins
  7 jackals
  2 quokkas
  2 frilled lizards
  6 goblin zombies (Ossuary)
  A hobgoblin zombie (Ossuary)
  13 kobolds
  4 kobold zombies (Ossuary)
  An orc zombie (Ossuary)
  5 quokka zombies (Ossuary)
  5 rats
  4 rat zombies (Ossuary)
248 creatures vanquished.

Vanquished Creatures (others)
  A kobold brigand (D:8)
  2 killer bees (D:8)
  An orc (D:8)
4 creatures vanquished.

Grand Total: 252 creatures vanquished

Notes
Turn   | Place    | Note
-------+----------+-------------------------------------------
     0 | D:1      | Dorkslayer the Troll Berserker began the quest for the Orb.
     0 | D:1      | Reached XP level 1. HP: 22/22 MP: 0/0
   139 | D:1      | Reached XP level 2. HP: 29/29 MP: 1/1
   263 | D:1      | Found a faded altar of an unknown god.
   967 | D:2      | Reached XP level 3. HP: 34/36 MP: 2/2
  1007 | D:2      | Noticed Terence
  1016 | D:2      | Killed Terence
  1017 | D:2      | Reached skill level 4 in Unarmed Combat
  1048 | D:2      | Reached XP level 4. HP: 44/44 MP: 3/3
  1266 | D:2      | Noticed Natasha
  1268 | D:2      | Killed Natasha
  1268 | D:2      | Reached ** piety under Trog
  1345 | D:2      | Noticed Natasha
  1352 | D:2      | Killed Natasha
  1373 | D:2      | Noticed Natasha
  1380 | D:2      | Killed Natasha
  1381 | D:2      | Reached XP level 5. HP: 44/53 MP: 4/4
  1493 | D:3      | Reached skill level 5 in Unarmed Combat
  1716 | D:3      | Reached XP level 6. HP: 56/61 MP: 5/5
  1779 | D:3      | Gained mutation: You have large cloven feet. [potion of
                  | mutation]
  1779 | D:3      | Gained mutation: You are robust. (+10% HP) [potion of
                  | mutation]
  1942 | D:4      | Noticed Robin
  1964 | D:4      | Reached *** piety under Trog
  1975 | D:4      | Killed Robin
  2037 | D:4      | Noticed an ice beast
  2041 | D:4      | Killed an ice beast
  2042 | D:4      | Reached skill level 6 in Unarmed Combat
  2213 | D:4      | Reached XP level 7. HP: 62/73 MP: 6/6
  2322 | D:4      | Noticed Pikel
  2333 | D:4      | Killed Pikel
  2334 | D:4      | Reached skill level 7 in Unarmed Combat
  2686 | D:5      | Entered Level 5 of the Dungeon
  2695 | D:5      | Reached skill level 8 in Unarmed Combat
  2698 | D:5      | Reached XP level 8. HP: 47/82 MP: 7/7
  2733 | D:5      | Found a bloodstained altar of Trog.
  2750 | D:5      | Reached **** piety under Trog
  2823 | D:5      | Found a sand-covered staircase.
  2832 | Ossuary  | Entered an ossuary
  3150 | Ossuary  | Reached ***** piety under Trog
  3189 | Ossuary  | Reached skill level 1 in Stealth
  3343 | D:5      | Reached skill level 9 in Unarmed Combat
  3384 | D:5      | HP: 1/82 [something/puff of flame (10)]
  3628 | D:5      | Found a staircase to the Ecumenical Temple.
  4014 | D:6      | Reached skill level 1 in Axes
  4032 | D:6      | Found a glowing golden altar of the Shining One.
  4385 | D:6      | Reached skill level 1 in Throwing
  4385 | D:6      | Reached XP level 9. HP: 92/92 MP: 8/8
  4693 | D:6      | Reached skill level 1 in Shapeshifting
  5176 | D:7      | Noticed Jeremiah
  5185 | D:7      | Killed Jeremiah
  5345 | D:7      | Found a burning altar of Makhleb.
  5475 | D:7      | Reached skill level 5 in Dodging
  5803 | D:7      | Reached skill level 5 in Axes
  5955 | D:8      | Found Wopuuwn's Antique Weapon Boutique.
  6127 | D:8      | Reached XP level 10. HP: 83/103 MP: 9/9
  6160 | D:8      | Received a gift from Trog
  6265 | D:8      | HP: 5/103 [gnoll bouda/+0 vampiric whip (6)]
  6266 | D:8      | HP: 2/103 [poisoned by a killer bee]
  6267 | D:8      | Succumbed to a killer bee's poison

Illustrated notes

Levels and vault maps discovered:
D:1:      nicolae_arrival_memento_mori, layout_basic,
          hellmonk_ecumenical_altar_leap_of_faith, minmay_pentomino_u4
D:2:      layout_loops_cross, uniq_natasha, uniq_terence
D:3:      layout_rooms, serial_glass, glass_columns_b, glass_columns_b,
          minmay_misc_feat_encased
D:4:      layout_loops_ring, amcnicky_mini_pool_small,
          kennysheep_generic_room_6, uniq_pikel, uniq_robin
D:5:      layout_basic, mainiacjoe_overflow_six_doors_small,
          minmay_temple_entry_poolview, gup_ossuary_entry_pyramid
D:6:      layout_basic, old_standard_altar
D:7:      layout_gridville, lemuel_tele_altar, uniq_jeremiah
D:8:      layout_rooms, xom_confusion_cloud, serial_shops,
          nicolae_shop_rolling_square, nicolae_lava_and_water

Skill      XL: |  1  2  3  4  5  6  7  8  9 |
---------------+----------------------------+-----
Dodging        | 3 4 5 |  5.4
Unarmed Combat | 4 5 6 8 9 |  9.6
Fighting       | 3 4 |  4.6
Stealth        | 1 |  1.9
Axes           | 2 5 |  5.9
Throwing       | 1 |  1.0
Shapeshifting  | 3 |  3.3

Action                     |  1- 3 |  4- 6 |  7- 9 | 10-12 || total
---------------------------+-------+-------+-------+-------++-------
  Melee: Unarmed           |    73 |   161 |   139 |       ||   373
         Punch             |     1 |     4 |     6 |       ||    11
         Kick              |       |    11 |    66 |     2 ||    79
         Battleaxe         |       |       |   128 |    19 ||   147
         War axe           |       |       |    20 |       ||    20
  Throw: Boomerang         |       |       |     6 |       ||     6
  Evoke: Wand              |       |       |     4 |       ||     4
    Use: Scroll            |     2 |     3 |    15 |     3 ||    23
         Potion            |       |     1 |     8 |       ||     9
   Stab: Sleeping          |       |       |     3 |       ||     3
 Armour: Animal skin       |    29 |    88 |   204 |     4 ||   325
         Robe              |       |       |       |    33 ||    33
  Dodge: Dodged            |    45 |   126 |   227 |    39 ||   437

Table legend: (Time is in decaauts)
 A = Elapsed time spent in this place.
 B = Non-inter-level travel time spent in this place.
 C = Inter-level travel time spent in this place.
 D = Time resting spent in this place.
 E = Time spent auto-exploring this place.
 F = Levels seen in this place.
 G = Mean time per level.
                   A        B        C        D        E       F      G
               +--------+--------+--------+--------+--------+-----+--------+
         Total |   6270 |   6270 |      0 |     35 |   2469 |   9 |  696.7 |
       Dungeon |   5867 |   5867 |      0 |     35 |   2456 |   8 |  733.4 |
       Ossuary |    403 |    403 |      0 |      0 |     13 |   1 |  403.0 |
               +--------+--------+--------+--------+--------+-----+--------+

Top non-repeatable levels by time:
     D:6: 1234 daAuts
     D:1: 887 daAuts
     D:5: 804 daAuts
     D:4: 737 daAuts
     D:7: 730 daAuts
     D:2: 524 daAuts
     D:3: 512 daAuts
     D:8: 435 daAuts
 Ossuary: 403 daAuts
